 Dungeon Crawl Stone Soup version 0.22-a0-367-gb72a975 (webtiles) character file.

281 khargal the Skirmisher (level 6, -14/52 HPs)
             Began as a Draconian Fighter on Apr 22, 2018.
             Killed by divine providence
             ... invoked by an orc priest
              (15 damage)
             ... on level 4 of the Dungeon.
             The game lasted 00:05:22 (3777 turns).

khargal the Skirmisher (Draconian Fighter)          Turns: 3777, Time: 00:05:22

Health: -14/52     AC:  7    Str: 20    XL:     6   Next: 6%
Magic:  6/6        EV: 11    Int:  9    God:
Gold:   175        SH:  9    Dex: 10    Spells: 5/5 levels left

rFire    . . .     SeeInvis +   a - +0 long sword
rCold    . . .     Gourm    .   b - +0 shield
rNeg     . . .     Faith    .   (armour unavailable)
rPois    .         Spirit   .   (helmet restricted)
rElec    .         Reflect  .   (no cloak)
rCorr    .         Harm     .   (no gloves)
MR       .....                  g - +0 pair of boots
Stlth    +.........             (no amulet)
HPRegen  0.17/turn              i - ring of see invisible
MPRegen  0.10/turn              (no ring)

@: lethally poisoned (-14 -> -28)
A: unfitting armour, cold-blooded, AC +6
a: no special abilities


You were on level 4 of the Dungeon.
You were not hungry.

You visited 1 branch of the dungeon, and saw 4 of its levels.

You collected 175 gold pieces.

Inventory:

Hand Weapons
 a - a +0 long sword (weapon)
Armour
 b - a +0 shield (worn)
 g - a +0 pair of boots (worn)
Magical Staves
 r - an uncursed staff of energy
Jewellery
 i - a ring of see invisible (left hand)
Wands
 y - a wand of digging (9)
Scrolls
 n - a scroll of amnesia
 o - a scroll of enchant weapon {unknown}
 p - 3 scrolls of identify
 s - a scroll of teleportation {unknown}
 u - a scroll of immolation {unknown}
 w - a scroll of fog
 x - 4 scrolls of enchant armour {unknown}
Potions
 c - a potion of might
 e - 2 potions of brilliance
 f - 2 potions of agility {unknown}
 h - a potion of berserk rage {unknown}
 j - a potion of mutation {unknown}
 k - 2 potions of ambrosia {unknown}
 l - 2 potions of flight {unknown}
 m - a potion of heal wounds {unknown}
 q - a potion of magic {unknown}
 v - a potion of lignification {unknown}
 z - a potion of curing {unknown}
 A - a potion of invisibility {unknown}
Comestibles
 d - 6 rations


   Skills:
 + Level 4.2 Fighting
 + Level 4.0 Long Blades
 + Level 3.8 Dodging
 + Level 4.2 Shields


You had 5 spell levels left.
You didn't know any spells.

Dungeon Overview and Level Annotations

Branches:
Dungeon (4/15)
 Temple: D:4-7

Altars:

Shops:
D:4 :


Innate Abilities, Weirdness & Mutations

Your plain brown scales are hard. (AC +6)
You cannot fit into any form of body armour.
You are cold-blooded and may be slowed by cold attacks.


Message History

The orc priest casts a cantrip, but nothing happens.
* * * LOW HITPOINT WARNING * * *
You feel sick.
* * * LOW HITPOINT WARNING * * *
You feel sick.
The orc wizard points at you and mumbles some strange words.
You block the puff of flame.
* * * LOW HITPOINT WARNING * * *
You feel sick.
* * * LOW HITPOINT WARNING * * *
You feel sick.
* * * LOW HITPOINT WARNING * * *
You feel sick.
* * * LOW HITPOINT WARNING * * *
You feel sick.
* * * LOW HITPOINT WARNING * * *
You feel sick.
The orc priest mumbles some strange prayers to Beogh against you.
Beogh smites you!
You die...

.. #.# #.........(........ P.#
#.###.#.#.#.#.#.#.#.#.# ≈..
##.#.................... ...##
##.....#.#.#.#.#.#.#.#.#. ....#
#........................
≈...######..>##.#.#.#.#.#.#.#.#.#
≈.....o.o....###.................
≈≈.....###oo####.#.#.#.#.#.#.#.#.
≈...#### #...o..@................
≈...# ##.#####.#.#.#.#.#.#.#.#
≈≈..## #.# ##...............
≈≈...# #.# #.#.#.#.#.#.#.#.
≈≈...# #.# ##..............
≈≈P≈.# #.# #.#.#.#.#.#.#.. ≈≈≈≈..
#.# ##...........#. ≈≈≈.... #.#
##.####...###. ≈≈≈P.≈.. ###
######.####..## #.


You could see an orc priest, an orc wizard (invisible) and an orc.

Vanquished Creatures
  Jessica (D:2)
  An iguana (D:4)
  An orc wizard (D:3)
  A worker ant (D:3)
  3 gnolls
  5 adders
  An ooze (D:1)
  A worm (D:2)
  4 dart slugs
  3 leopard geckos
  6 orcs
  2 ball pythons
  5 giant cockroaches
  9 goblins
  6 hobgoblins
  4 jackals (D:3)
  7 kobolds
  2 quokkas (D:2)
  9 bats
  10 frilled lizards
  7 rats
88 creatures vanquished.

Notes
Turn   | Place    | Note
-------+----------+-------------------------------------------
     0 | D:1      | khargal the Draconian Fighter began the quest for the Orb.
     0 | D:1      | Reached XP level 1. HP: 19/19 MP: 1/1
   204 | D:1      | Reached XP level 2. HP: 23/26 MP: 2/2
   547 | D:1      | Reached XP level 3. HP: 31/31 MP: 3/3
  1084 | D:2      | Noticed Jessica
  1141 | D:2      | Killed Jessica
  1141 | D:2      | Reached XP level 4. HP: 12/40 MP: 4/4
  2221 | D:3      | Reached XP level 5. HP: 19/46 MP: 5/5
  3382 | D:4      | Found Vopton's Book Emporium.
  3542 | D:4      | Reached XP level 6. HP: 25/52 MP: 6/6
  3777 | D:4      | HP: 1/52 [poisoned by an orc wizard]
  3777 | D:4      | Killed from afar by an orc priest

Vault maps used:
D:1:      minmay_arrival_four_loops
D:2:      serial_bayou_lagoon_b, uniq_jessica
D:3:      first_ration, st_stairs_7
D:4:      serial_shops, nicolae_shop_crystal, hex_large, chequers_big_river,
          glass_columns_a

Skill      XL: |  1  2  3  4  5 |
---------------+----------------+-----
Dodging        | 3 |  3.8
Long Blades    | 3 4 |  4.0
Fighting       | 4 |  4.2
Shields        | 4 |  4.2

Action                   |  1- 3 |  4- 6 || total
-------------------------+-------+-------++-------
Melee: Long sword        |   108 |   148 ||   256
       Tailslap          |     9 |    19 ||    28
  Use: Scroll            |     1 |     3 ||     4
  Eat: Chunk             |     1 |     9 ||    10
Armor: Skin              |    40 |    49 ||    89
Dodge: Dodged            |    65 |    98 ||   163
Block: Shield            |    62 |    97 ||   159
       Rpst.: Long sword |    20 |    25 ||    45

Table legend:
 A = Spawn XP
 B = Non-spawn XP
 C = Spawn XP percentage of total XP
 D = Spawn monster count
 E = Non-spawn monster count
 F = Spawn count percentage of total count
 G = Total turns spent on level
                    A         B        C        D         E        F      G
               +---------+---------+-------+---------+---------+-------+---------
         Total |       0 |     402 |   0.0 |       0 |      88 |   0.0 |  3777
               +---------+---------+-------+---------+---------+-------+---------
           D:1 |       0 |      45 |   0.0 |       0 |      21 |   0.0 |   875
           D:2 |       0 |     122 |   0.0 |       0 |      27 |   0.0 |  1315
           D:3 |       0 |     191 |   0.0 |       0 |      36 |   0.0 |  1127
           D:4 |       0 |      44 |   0.0 |       0 |       4 |   0.0 |   460
               +---------+---------+-------+---------+---------+-------+---------
